 Dungeon Crawl Stone Soup version 0.29-a0-997-gf6f7e2dfe7 (webtiles) character file.

Game seed: 4356197242330938087

31 Klosterheim the Cudgeller (level 3, 0/28 HPs)
             Began as a Formicid Gladiator on Aug 4, 2022.
             Succumbed to a goblin's poison
             ... on level 1 of the Dungeon.
             The game lasted 00:05:35 (1152 turns).

Klosterheim the Cudgeller (Formicid Gladiator)      Turns: 1152, Time: 00:05:36

Health: 0/28       AC:  3    Str: 17 (20) XL:     3   Next: 40%
Magic:  3/3        EV: 12    Int:  4 (7)  God:
Gold:   44         SH:  0    Dex: 12 (15) Spells: 2/2 levels left

rFire   . . .      SeeInvis +   a - +0 flail
rCold   . . .      Faith    .   (no shield)
rNeg    . . .      Spirit   .   b - +0 leather armour
rPois   .          Reflect  .   (helmet unavailable)
rElec   .          Harm     .   (no cloak)
rCorr   .          Rampage  .   (no gloves)
Will    .....                   (no boots)
Stlth   +.........              (no amulet)
HPRegen 0.00/turn               (no ring)
MPRegen 0.08/turn               (no ring)

@: lethally poisoned (0 -> -3), attractive, inhibited regen
A: permanent stasis, dig shafts and tunnels, antennae 3, four strong arms,
talons 1, inhibited regeneration
a: Dig, Shaft Self


You were on level 1 of the Dungeon.
You visited 1 branch of the dungeon, and saw 1 of its levels.

You collected 44 gold pieces.

Inventory:

Hand Weapons
 a - a +0 flail (weapon)
Missiles
 c - 3 throwing nets
 d - a javelin (quivered)
Armour
 b - a +0 leather armour (worn)
Jewellery
 e - a ring of resist corrosion
 f - a ring of magical power
Scrolls
 h - a scroll of teleportation {unknown}
 k - a scroll of enchant weapon {unknown}
 l - a scroll of enchant armour {unknown}
Potions
 g - 2 potions of degeneration


   Skills:
 * Level 2.8 Fighting
 * Level 3.4 Maces & Flails
 - Level 2.0 Throwing
 - Level 1.0 Armour
 + Level 2.9 Dodging


You had 2 spell levels left.
You didn't know any spells.
Your spell library was empty.

Dungeon Overview and Level Annotations

Branches:
Dungeon (1/15)

Altars:


Innate Abilities, Weirdness & Mutations

You cannot be hasted, slowed, berserked, paralysed or teleported.
You can dig through walls and to a lower floor.
You have a pair of large antennae on your head. (SInv)
Your four strong arms can wield two-handed weapons with a shield.
You have sharp toenails.
You do not regenerate when monsters are visible.


Message History

The goblin is heavily wounded.
The goblin hits you but does no damage.
You are poisoned.
The frilled lizard bites you but does no damage.
You closely miss the goblin.
The goblin is heavily wounded.
You feel very sick. The goblin closely misses you.
The frilled lizard bites you.
The goblin hits you with a +0 dagger of venom.
* * * LOW HITPOINT WARNING * * *
It was a potion of degeneration.
There was something very wrong with that liquid.
You feel weakened.
You feel dopey.
You feel clumsy.
* * * LOW HITPOINT WARNING * * *
You feel sick.
The frilled lizard bites you but does no damage.
The goblin barely misses you.
It was a potion of mutation.
You feel extremely strange.
You feel a hidden potential growing inside you.
Large bone plates grow over parts of your arms.
* * * LOW HITPOINT WARNING * * *
You feel sick.
The frilled lizard bites you but does no damage.
The goblin closely misses you.
It was a potion of attraction.
You feel attractive to monsters.
* * * LOW HITPOINT WARNING * * *
You feel sick. The frilled lizard closely misses you.
The goblin closely misses you.
Okay, then.
You sock the goblin!
You kill the goblin!
* * * LOW HITPOINT WARNING * * *
You feel sick. The frilled lizard closely misses you.
Really quaff the potion of mutation?
You feel extremely strange.
Your large bone plates disappear.
You no longer feel a hidden potential within.
Your regeneration stops near monsters.
Your toenails lengthen and sharpen.
You die...

## # #.# # #### ####.#
# #..#####≈#.### ####
#..≈≈...≈@)..##.
...#####.#.~≈.#~l≈.!..#
......##..##~≈.#..≈~.##
.
♣♣♣##.##.#.######≈≈.##
P. .♣♣#...#.##.# ≈#.#
P.. ♣.♣......#.## #...(
.P♣ P.P......≈.# ...##
#♣♣.P♣ ..♣.....#≈≈..#
...# #.♣.P
#......##≈#..... ..#
#..♣


You could see a frilled lizard.

Vanquished Creatures
  2 ball pythons (D:1)
  An endoplasm (D:1)
  3 goblins (D:1)
  2 hobgoblins (D:1)
  11 jackals (D:1)
  3 kobolds (D:1)
  2 frilled lizards (D:1)
  A rat (D:1)
25 creatures vanquished.

Vanquished Creatures (others)
  A plant (D:1)
1 creature vanquished.

Grand Total: 26 creatures vanquished

Notes
Turn   | Place    | Note
-------+----------+-------------------------------------------
     0 | D:1      | Klosterheim the Formicid Gladiator began the quest for the
                  | Orb.
     0 | D:1      | Reached XP level 1. HP: 16/16 MP: 1/1
   176 | D:1      | Found a faded altar of an unknown god.
   398 | D:1      | Reached XP level 2. HP: 20/23 MP: 2/2
   917 | D:1      | Reached XP level 3. HP: 25/28 MP: 3/3
  1028 | D:1      | Reached skill level 1 in Armour
  1149 | D:1      | Gained mutation: You have hidden genetic potential. [potion
                  | of mutation]
  1149 | D:1      | Gained mutation: You are partially covered in large bone
                  | plates. (SH +4) [potion of mutation]
  1151 | D:1      | HP: 1/28 [poisoned by a goblin]
  1152 | D:1      | Lost mutation: You are partially covered in large bone
                  | plates. (SH +4) [potion of mutation]
  1152 | D:1      | Lost mutation: You have hidden genetic potential. [potion
                  | of mutation]
  1152 | D:1      | Gained mutation: You do not regenerate when monsters are
                  | visible. [potion of mutation]
  1152 | D:1      | Gained mutation: You have sharp toenails. [potion of
                  | mutation]
  1152 | D:1      | Succumbed to a goblin's poison

Illustrated notes

Levels and vault maps discovered:
D:1:      lightli_arrival_farm, layout_loops_ring, serial_forest,
          infiniplex_forest_zigzag_1, infiniplex_forest_3_way,
          infiniplex_forest_corner_1, infiniplex_forest_clump_small,
          infiniplex_forest_clump_double, infiniplex_forest_corner_1,
          infiniplex_forest_straight_3, infiniplex_forest_corner_1,
          ebering_ecumenical_altar_ruins, chequers_serial_rivers_small_b

Skill      XL: |  1  2  3 |
---------------+----------+-----
Armour         | 1 |  1.0
Fighting       | |  2.8
Maces & Flails | |  3.4
Throwing       | |  2.0
Dodging        | |  2.9

Action                   || total
-------------------------++-------
Melee: Flail             ||    59
Throw: Javelin           ||     1
  Use: Potion            ||     4
Armor: Leather armour    ||    19
Dodge: Dodged            ||    53

Table legend: (Time is in decaauts)
 A = Elapsed time spent in this place.
 B = Non-inter-level travel time spent in this place.
 C = Inter-level travel time spent in this place.
 D = Time resting spent in this place.
 E = Time spent auto-exploring this place.
 F = Levels seen in this place.
 G = Mean time per level.
                   A        B        C        D        E       F      G
               +--------+--------+--------+--------+--------+-----+--------+
         Total |   1172 |   1142 |     30 |    518 |    373 |   1 | 1172.0 |
       Dungeon |   1172 |   1142 |     30 |    518 |    373 |   1 | 1172.0 |
               +--------+--------+--------+--------+--------+-----+--------+

Top non-repeatable levels by time:
     D:1: 1172 daAuts
